 Dungeon Crawl Stone Soup version 0.20-a0-850-ge5a7832 (webtiles) character file.

58 dvd the Gusty (level 3, -3/19 HPs)
             Began as a Deep Elf Air Elementalist on Mar 10, 2017.
             Slain by Robin
             ... wielding a +2 dagger of venom
              (6 damage)
             ... on level 2 of the Dungeon.
             The game lasted 00:04:54 (1777 turns).

dvd the Gusty (Deep Elf Air Elementalist)           Turns: 1777, Time: 00:04:55

Health: -3/19      AC:  2    Str: 10    XL:     3   Next: 76%
Magic:  0/10       EV: 13    Int: 20    God:
Gold:   52         SH:  0    Dex: 15    Spells: 5/9 levels left

rFire    . . .     SeeInvis .   e - +0 dagger
rCold    . . .     Gourm    .   a - +0 robe
rNeg     . . .     Faith    .   (no shield)
rPois    .         Spirit   .   (no helmet)
rElec    .         Reflect  .   (no cloak)
rCorr    .         Harm     .   (no gloves)
MR       .....                  (no boots)
Stlth    ++........             (no amulet)
Regen    0.1/turn               (no ring)
MPRegen  0.2/turn               (no ring)

@: mighty, lethally poisoned (-3 -> -23), very slightly contaminated, hasted,
very quick
A: no striking features
a: no special abilities


You were on level 2 of the Dungeon.
You were hungry.

You visited 1 branch of the dungeon, and saw 2 of its levels.

You collected 52 gold pieces.

Inventory:

Hand Weapons
 e - a +0 dagger (weapon)
Armour
 a - a +0 robe (worn)
Jewellery
 i - an uncursed amulet of magic regeneration {unknown}
Scrolls
 h - 3 scrolls of remove curse {unknown}
 j - 2 scrolls of identify {unknown}
 l - a scroll of blinking {unknown}
Potions
 k - a potion of haste
Books
 b - a book of Air

   Spells                             Type                      Level
   a - Shock                          Conjuration/Air              1
   b - Swiftness                      Charms/Air                   2
   c - Static Discharge               Conjuration/Air              3
   d - Airstrike                      Air                          4
   e - Lightning Bolt                 Conjuration/Air              5
Comestibles
 c - a bread ration
 d - a meat ration
 g - 4 fruits


   Skills:
 + Level 2.6 Dodging
 + Level 3.0 Stealth
 + Level 3.7 Spellcasting
 + Level 1.5 Conjurations
 + Level 3.9 Air Magic


You had 5 spell levels left.
You knew the following spells:

 Your Spells              Type           Power        Failure   Level  Hunger
a - Shock                 Conj/Air       ##..         4%          1    None
b - Static Discharge      Conj/Air       ##......     14%         3    ###....


Dungeon Overview and Level Annotations

Branches:
Dungeon (2/15)

Altars:

Annotations:
D:2 Robin


Message History

Robin is almost dead.
You feel sick. Robin closely misses you.
Unknown command.
It was a potion of haste.
You feel yourself speed up.
You feel sick. Robin hits you with a dagger of venom.
You are more poisoned.
You are very lightly contaminated with residual magic.
Unknown command.
* * * LOW HITPOINT WARNING * * *
You feel sick.
It was a potion of might.
You feel very mighty all of a sudden.
* * * LOW HITPOINT WARNING * * *
You feel sick.
Unknown command.
You barely miss Robin.
Robin is almost dead.
* * * LOW HITPOINT WARNING * * *
You feel sick. Robin hits you with a dagger of venom.
You die...

######### ........#
....).<.# ......g.#
........###########
.(................# ###
..............)<..##...#
...............g@....#
##.######..........###
#. #....#.##....# #
#......##.####
.......#...#..#
.#####.#....(## #
..#..#.(# ....##.....#
###......##


You could see Robin.

Vanquished Creatures
  An adder (D:1)
  2 worms
  A dart slug (D:1)
  5 bats
  3 giant cockroaches
  11 goblins
  4 hobgoblins
  A frilled lizard (D:1)
  6 kobolds
  3 rats (D:1)
37 creatures vanquished.

Vanquished Creatures (others)
  A ball python (D:1)
  2 bats (D:1)
  A giant cockroach (D:1)
  A frilled lizard (D:1)
  A kobold (D:1)
6 creatures vanquished.

Grand Total: 43 creatures vanquished

Notes
Turn   | Place    | Note
-------+----------+-------------------------------------------
     0 | D:1      | dvd the Deep Elf Air Elementalist began the quest for the Orb.
     0 | D:1      | Reached XP level 1. HP: 10/10 MP: 6/6
   284 | D:1      | Reached XP level 2. HP: 15/15 MP: 2/8
  1094 | D:2      | Noticed Robin
  1096 | D:2      | Reached XP level 3. HP: 19/19 MP: 6/10
  1752 | D:1      | Learned a level 3 spell: Static Discharge
  1777 | D:2      | Slain by Robin

Vault maps used:
D:1:      minmay_arrival_plants_in_alcoves, lemuel_old_faithful
D:2:      lemuel_doored_altar, uniq_crazy_yiuf_cottage, uniq_robin, uniq_iyjb

Skill      XL: |  1  2  3 |
---------------+----------+-----
Stealth        | 3 |  3.0
Dodging        | |  2.6
Spellcasting   | |  3.7
Conjurations   | |  1.5
Air Magic      | |  3.9

Action                   || total
-------------------------++-------
Melee: Dagger            ||     6
 Cast: Shock             ||    83
       Static Discharge  ||     3
  Use: Potion            ||     2
 Stab: Sleeping          ||     2
  Eat: Chunk             ||     2
Armor: Robe              ||    15
Dodge: Dodged            ||    44
